 Dungeon Crawl Stone Soup version 0.26.0-45-g9c1d065592 (webtiles) character file.

Game seed: 13433944748950651057

(classic levelgen) 5649 thiole the Thaumaturge (level 10, -3/68 HPs)
             Began as an Octopode Hedge Wizard on Jan 28, 2021.
             Was an Initiate of Gozag.
             Slain by a toenail golem (8 damage)
             ... in a volcano.
             The game lasted 00:39:08 (11513 turns).

thiole the Thaumaturge (Octopode Hedge Wizard)     Turns: 11513, Time: 00:39:09

Health: -3/68      AC:  3    Str: 10    XL:     10   Next: 74%
Magic:  19/22      EV: 14    Int: 20    God:    Gozag
Gold:   1204       SH:  6    Dex: 23    Spells: 17/25 levels left

rFire    + + .     SeeInvis .   a - +3 dagger (elec)
rCold    + . .     Faith    .   q - +0 buckler
rNeg     . . .     Spirit   .   b - +2 hat
rPois    +         Reflect  .   s - amulet of magic regeneration
rElec    +         Harm     .   o - ring of protection from fire
rCorr    +         Rampage  .   p - ring of willpower
Will     ++...                  t - +6 ring of dexterity
Stlth    ++++......             E - +6 ring of dexterity
HPRegen  0.21/turn              I - ring of willpower
MPRegen  0.43/turn              H - ring of poison resistance
                                (no ring)
                                (no ring)

@: resistant, flying
A: almost no armour, stealthy swim, amphibious, 8 rings, constrict 8, camouflage
1, gelatinous body 1
a: Renounce Religion, Potion Petition, Call Merchant, Bribe Branch


You were in a volcano.
You worshipped Gozag.
Gozag was most pleased with you.
You visited 3 branches of the dungeon, and saw 11 of its levels.
You also visited: Volcano.

You collected 1312 gold pieces.
You paid 108 gold pieces to Gozag.

Inventory:

Hand Weapons
 a - a +3 dagger of electrocution (weapon)
 d - a +0 whip
Missiles
 c - 163 sling bullets
 e - 45 poisoned darts
 f - 14 boomerangs
 g - 6 atropa-tipped darts
Armour
 b - a +2 hat (worn)
 q - a +0 buckler (worn)
Jewellery
 o - a ring of protection from fire (left tentacle)
 p - a ring of willpower (right tentacle)
 s - an amulet of magic regeneration (around mantle)
 t - a +6 ring of dexterity (on tentacle)
 E - a +6 ring of dexterity (on tentacle)
 H - a ring of poison resistance (on tentacle)
 I - a ring of willpower (on tentacle)
Wands
 u - a wand of paralysis (11)
 v - a wand of disintegration (5)
 y - a wand of enslavement (6)
Scrolls
 h - 3 scrolls of amnesia
 i - 3 scrolls of teleportation
 r - 4 scrolls of remove curse
 w - 2 scrolls of random uselessness
Potions
 m - a potion of ambrosia
 x - a potion of cancellation
 z - a potion of mutation
 B - a potion of resistance
 D - 2 potions of attraction {unknown}
 F - a potion of haste {unknown}


   Skills:
 + Level 6.0 Fighting
 - Level 2.0 Dodging
 - Level 5.0 Stealth
 - Level 4.0 Shields
 - Level 8.0 Spellcasting
 - Level 8.0 Conjurations
 - Level 2.0 Summonings
 - Level 1.0 Translocations
 - Level 7.0 Air Magic
 - Level 2.0 Poison Magic


You had 17 spell levels left.
You knew the following spells:

 Your Spells              Type           Power        Failure   Level
a - Magic Dart            Conj           100%         1%          1
b - Call Imp              Summ           16%          5%          2
c - Blink                 Tloc           N/A          9%          2
d - Mephitic Cloud        Conj/Pois/Air  30%          2%          3

Your spell library contained the following spells:

 Spells                   Type           Power        Failure   Level
 Foxfire                  Conj/Fire      96%          1%          1
 Shock                    Conj/Air       100%         1%          1
 Poisonous Vapours        Pois/Air       52%          1%          2
 Swiftness                Air            36%          1%          2
 Static Discharge         Conj/Air       38%          1%          3
 Corpse Rot               Necr/Air       N/A          3%          2
 Conjure Flame            Conj/Fire      24%          4%          3
 Airstrike                Air            18%          4%          4
 Animate Skeleton         Necr           16%          9%          1
 Pain                     Necr           32%          9%          1
 Lightning Bolt           Conj/Air       19%          11%         5
 Slow                     Hex            8%           13%         2
 Sublimation of Blood     Necr           4%           13%         2
 Sticky Flame             Conj/Fire      24%          16%         4
 Inner Flame              Hex/Fire       8%           26%         3
 Vampiric Draining        Necr           4%           26%         3
 Fireball                 Conj/Fire      12%          41%         5
 Animate Dead             Necr           4%           63%         4
 Dispel Undead            Necr           8%           63%         4
 Freezing Cloud           Conj/Ice/Air   14%          86%         6
 Agony                    Necr           8%           93%         5
 Excruciating Wounds      Necr           4%           93%         5


Dungeon Overview and Level Annotations

Branches:
Dungeon (9/15)             Temple (1/1) D:6            Lair (1/6) D:9
Volcano (1/1)
    Orc: D:9-12

Altars:
Ashenzari
Cheibriados
Dithmenos
Elyvilon
Fedhas
Gozag
Hepliaklqana
Kikubaaqudgha
Makhleb
Nemelex Xobeh
Okawaru
Qazlal
Ru
Sif Muna
Trog
Uskayaw
Vehumet
Xom
Yredelemnul
Zin
The Shining One

Annotations:
D:8 2 transporters, Gadfly's ghost, novice OgMo


Innate Abilities, Weirdness & Mutations

You cannot wear most types of armour.
You are very stealthy in the water. (Stealth+)
You are amphibious.
You can wear up to eight rings at the same time.
You can use your tentacles to constrict eight enemies at once.
Your skin changes colour to match your surroundings (Stealth+).
Your rubbery body absorbs attacks. (AC +1, EV +1)


Message History

The toenail golem completely misses you.
You pace your travel speed to your slowest ally.
You are a level 10 Octopode Hedge Wizard.
You are 74% of the way to level 11.
Play time: 00:38:58 (11512 turns).
Zot will find you in 5853 turns if you stay in this branch and explore no new floors.
Unknown command.
You feel protected.
The air gets thick with the scent of sulphur.
Your white imp hits the toenail golem.
Your white imp freezes the toenail golem.
The toenail golem resists.
Your crimson imp hits the toenail golem.
Your crimson imp barely misses the toenail golem.
The toenail golem misses you. You block the toenail golem's attack.
You feel very buoyant.
You fly up into the air.
Your crimson imp disappears in a puff of smoke!
The toenail golem hits you!
You die...
Your body crumbles into a pile of gold.

### #§§## ###
§≈≈≈≈###≈###
§≈≈≈≈≈≈§§§≈####
≈≈≈§≈≈≈§§§≈§§≈
§≈≈≈≈≈≈≈§§§≈≈
§≈≈≈≈≈#######
≈§§≈≈≈#.@.5.# $
≈≈≈≈≈§#.885.#
≈≈§§≈≈#.§.$.#
#≈§§≈###'###
##≈≈≈#.....#
#≈≈§§#.∩.∩.+
#§≈≈≈≈#.....#
#≈≈≈≈≈#######
§§≈§§≈≈≈§§§≈§≈


You could see 2 toenail golems, a friendly crimson imp (summoned) and a friendly
white imp (summoned).

Vanquished Creatures
  A wizard (Volcano)
  Pikel (D:7)
  2 wyverns (D:8)
  3 yaks (Lair:1)
  Grum (D:8)
  Menkaure (D:7)
  2 hell hounds (Lair:1)
  An ice beast (D:6)
  7 orc warriors
  3 phantoms
  A black bear (D:8)
  An ogre (D:7)
  2 centaurs
  4 wolves (D:8)
  A big kobold (D:8)
  A wyvern zombie (D:7)
  5 bullfrogs
  A wyvern skeleton (D:8)
  4 wights (D:8)
  A crimson imp (D:9)
  2 centaur zombies
  2 bullfrog zombies
  4 orc wizards
  6 orc priests
  2 hounds
  A bullfrog skeleton (D:8)
  Jessica (D:2)
  An iguana (D:7)
  9 worker ants
  2 killer bee zombies (D:8)
  A hound zombie (D:6)
  3 hound skeletons
  A worker ant zombie (D:7)
  9 adders
  2 white imps
  3 oozes
  An adder zombie (D:9)
  4 adder skeletons
  A dart slug (D:1)
  3 leopard geckos
  27 orcs
  5 bats
  6 giant cockroaches
  3 goblins
  9 hobgoblins
  4 jackals (D:2)
  8 kobolds
  4 quokkas
  3 frilled lizards
  A giant cockroach zombie (D:6)
  3 leopard gecko zombies
  2 quokka skeletons
  3 rats
179 creatures vanquished.

Vanquished Creatures (collateral kills)
  Sigmund (D:5)
  A yak (Lair:1)
  A water moccasin (Lair:1)
  A necrophage (D:8)
  A bullfrog (D:6)
  2 worker ants
  An adder (D:5)
  A jackal skeleton (D:5)
9 creatures vanquished.

Vanquished Creatures (others)
  A fungus (Lair:1)
1 creature vanquished.

Grand Total: 189 creatures vanquished

Notes
Turn   | Place    | Note
-------+----------+-------------------------------------------
     0 | D:1      | thiole the Octopode Hedge Wizard began the quest for the
                  | Orb.
     0 | D:1      | Reached XP level 1. HP: 11/11 MP: 4/4
   196 | D:1      | Reached skill level 1 in Fighting
   625 | D:1      | Reached XP level 2. HP: 13/18 MP: 0/6
  1090 | D:2      | Reached XP level 3. HP: 22/23 MP: 2/7
  1583 | D:2      | Noticed Jessica
  1594 | D:2      | Killed Jessica
  1595 | D:2      | Reached skill level 1 in Air Magic
  1595 | D:2      | Reached skill level 1 in Poison Magic
  1595 | D:2      | Reached XP level 4. HP: 27/28 MP: 8/8
  2480 | D:3      | Learned a level 2 spell: Call Imp
  2483 | D:3      | Learned a level 2 spell: Blink
  2487 | D:3      | Learned a level 3 spell: Mephitic Cloud
  2845 | D:3      | Reached XP level 5. HP: 30/33 MP: 4/9
  2871 | D:3      | Found a radiant altar of Vehumet.
  2871 | D:3      | Found a glowing golden altar of the Shining One.
  2871 | D:3      | Found a shimmering altar of Xom.
  3539 | D:4      | Reached skill level 1 in Shields
  3806 | D:4      | Reached XP level 6. HP: 29/38 MP: 4/10
  4785 | D:5      | Entered Level 5 of the Dungeon
  5218 | D:5      | Noticed Sigmund
  5237 | D:5      | Killed Sigmund
  5238 | D:5      | Reached XP level 7. HP: 46/46 MP: 6/11
  5879 | D:6      | Reached skill level 5 in Stealth
  6080 | D:6      | Found a hide-covered altar of Uskayaw.
  6198 | D:6      | Found a staircase to the Ecumenical Temple.
  6210 | Temple   | Entered the Ecumenical Temple
  6322 | Temple   | Became a worshipper of Gozag Ym Sagoz the Greedy
  6624 | D:6      | Reached XP level 8. HP: 42/54 MP: 10/14
  6750 | D:6      | Found a white marble altar of Elyvilon.
  7400 | D:7      | Found a shadowy altar of Dithmenos.
  7400 | D:7      | Found a sparkling altar of Nemelex Xobeh.
  7441 | D:7      | Reached skill level 5 in Fighting
  7544 | D:7      | Noticed Pikel
  7561 | D:7      | Killed Pikel
  7562 | D:7      | Reached XP level 9. HP: 54/61 MP: 8/15
  7658 | D:7      | Found a basalt altar of Yredelemnul.
  7672 | D:7      | Noticed Menkaure
  7677 | D:7      | Killed Menkaure
  8296 | D:8      | Reached skill level 5 in Conjurations
  8595 | D:8      | Found a transporter.
  8599 | D:8      | Noticed Gadfly's ghost (novice OgMo)
  8628 | D:8      | Found a transporter.
  8890 | D:8      | Found a broken altar of Ashenzari.
  9555 | D:8      | Reached skill level 5 in Spellcasting
  9599 | D:8      | Noticed Grum
  9610 | D:8      | Killed Grum
  9611 | D:8      | Reached XP level 10. HP: 45/66 MP: 13/18
 10594 | D:9      | Found a staircase to the Lair.
 11135 | Lair:1   | Entered Level 1 of the Lair of Beasts
 11323 | Lair:1   | Found a dark tunnel.
 11365 | Volcano  | Entered a volcano
 11487 | Volcano  | Noticed a toenail golem
 11487 | Volcano  | Noticed a wizard
 11487 | Volcano  | Noticed a toenail golem
 11501 | Volcano  | Killed a wizard
 11513 | Volcano  | Slain by a toenail golem

Illustrated notes

Levels and vault maps discovered:
D:1:      lemuel_arrival_lava_pool, layout_basic
D:2:      layout_basic, uniq_jessica
D:3:      layout_basic, gammafunk_temple_overflow_forgotten
D:4:      layout_basic
D:5:      layout_cave_pools, uniq_sigmund
D:6:      layout_loops_corners, minmay_temple_entry_purple_smoke, basic_altar,
          elyvilon_altar_1
D:7:      layout_rooms, gammafunk_temple_overflow_wave, lemuel_altar_in_water,
          uniq_menkaure, uniq_pikel
D:8:      minmay_clustersquares, layout_loops_ring, lemuel_doored_altar,
          gammafunk_ghost_arena, uniq_grum
D:9:      layout_basic, lair_entry_dummy, minmay_fire_ice_demons
Temple:   regret_index_temple_sphere_string
Lair:1:   gammafunk_boulding_lane, layout_hall_layers, enter_volcano_3,
          uniq_gastronok, uniq_sonja
Volcano:  volcano_bunker

Skill      XL: |  1  2  3  4  5  6  7  8  9 10 |
---------------+-------------------------------+-----
Fighting       | 1 3 4 5 6 |  6.0
Summonings     | 2 |  2.0
Conjurations   | 2 7 8 |  8.0
Air Magic      | 1 2 3 6 7 |  7.0
Poison Magic   | 1 2 |  2.0
Shields        | 2 4 |  4.0
Spellcasting   | 4 5 8 |  8.0
Stealth        | 5 |  5.0
Dodging        | |  2.0
Translocations | |  1.0

Action                   |  1- 3 |  4- 6 |  7- 9 | 10-12 || total
-------------------------+-------+-------+-------+-------++-------
Melee: Dagger            |    30 |    61 |   159 |    81 ||   331
       Tentacles         |     5 |     7 |    29 |    27 ||    68
       Constrict         |     5 |    13 |    35 |    23 ||    76
 Cast: Magic Dart        |    45 |    86 |   105 |    75 ||   311
       Call Imp          |       |    16 |    47 |    25 ||    88
       Blink             |       |     1 |       |       ||     1
       Mephitic Cloud    |       |       |    13 |    20 ||    33
Evoke: Wand              |       |       |     2 |       ||     2
  Use: Scroll            |       |     6 |     5 |     9 ||    20
       Potion            |       |       |     2 |     4 ||     6
 Stab: Sleeping          |     2 |     2 |    10 |     1 ||    15
       Confused          |       |       |     5 |     7 ||    12
       Distracted        |       |       |     6 |     4 ||    10
       Paralysed         |       |       |     2 |       ||     2
Armor: Skin              |     2 |     3 |     6 |     5 ||    16
Dodge: Dodged            |    25 |    54 |    64 |    45 ||   188
Block: Buckler           |       |    12 |    33 |    21 ||    66
